 Dungeon Crawl Stone Soup version 0.22.1-1-ga44c0e5 (webtiles) character file.

114 Fang the Chopper (level 4, -2/29 HPs)
             Began as a Gargoyle Berserker on Sept 20, 2018.
             Was a Follower of Trog.
             Killed from afar by Natasha (4 damage)
             ... with a magic dart
             ... on level 2 of the Dungeon.
             The game lasted 00:01:33 (1743 turns).

Fang the Chopper (Gargoyle Berserker)               Turns: 1743, Time: 00:01:34

Health: -2/29      AC:  5    Str: 21    XL:     4   Next: 98%
Magic:  4/4        EV: 12    Int:  8    God:    Trog [*.....]
Gold:   103        SH:  0    Dex:  9    Spells: 3/3 levels left

rFire    . . .     SeeInvis .   a - +0 hand axe
rCold    . . .     Gourm    .   (no shield)
rNeg     + . .     Faith    .   b - +0 animal skin
rPois    ∞         Spirit   .   (no helmet)
rElec    +         Reflect  .   (no cloak)
rCorr    .         Harm     .   (no gloves)
MR       .....                  (no boots)
Stlth    +.........             (no amulet)
HPRegen  0.09/turn              (no ring)
MPRegen  0.09/turn              (no ring)

@: starving, slowed, very slow
A: negative energy resistance 1, electricity resistance, unbreathing,
petrification resistance, rot immunity, AC +3
a: Berserk, Renounce Religion


You were on level 2 of the Dungeon.
You worshipped Trog.
Trog was aware of your devotion.
You were starving.

You visited 1 branch of the dungeon, and saw 2 of its levels.

You collected 103 gold pieces.

Inventory:

Hand Weapons
 a - a +0 hand axe (weapon)
Armour
 b - a +0 animal skin (worn)
Scrolls
 e - 3 scrolls of identify {unknown}
 g - a scroll of fear {unknown}
 i - a scroll of magic mapping {unknown}
Potions
 d - 2 potions of curing {unknown}
 f - a potion of lignification {unknown}
 h - a potion of might {unknown}
Comestibles
 c - 5 rations


   Skills:
 + Level 4.0 Fighting
 + Level 4.1 Axes
 + Level 2.3 Armour
 + Level 2.2 Dodging
 + Level 0.3 Stealth


You had 3 spell levels left.
You didn't know any spells.
Your spell library was empty.

Dungeon Overview and Level Annotations

Branches:
Dungeon (2/15)

Altars:
Dithmenos
Xom

Annotations:
D:2 Natasha


Innate Abilities, Weirdness & Mutations

You are resistant to torment.
Your stone body is resilient. (AC +3)
You are immune to poison.
You resist negative energy. (rN+)
You are resistant to electric shocks. (rElec)
You can survive without breathing.
You are immune to petrification.
You are immune to rotting.


Message History

You closely miss Natasha.
Natasha is almost dead.
You barely miss the crimson imp. Natasha claws you.
The crimson imp hits you but does no damage.
Natasha claws you!
* * * LOW HITPOINT WARNING * * *
You hit Natasha but do no damage.
Natasha is almost dead.
You closely miss the crimson imp. The crimson imp barely misses you.
Natasha misses you.
The crimson imp sputters.
The crimson imp hits you but does no damage.
Unknown command.
Unknown command.
You hit Natasha but do no damage.
Natasha is almost dead.
You barely miss the crimson imp.
Natasha stares at you and mumbles some strange words.
The magic dart hits you!
You die...

#.#...# #...(..............
#.###.# #.################# #.#
#.# #.# #.# #.# #.# #.# #.# #.#
#.# #.######.#################
#.# #......#..................
#.# ######.#.#...#...#...#...#
#.# #....h@.).............. #.#
##.#.###5..#...#...#...#
#.#####...(##.................
##....>.....###################
#..###..........#.# #.# #.....#
#..# ##...(.##..#.# #.###......
#..# ##....##..#.# #..........
#..# ###.#.##..#.# #######.###
#..# #..<......#.## #....


You could see Natasha and a crimson imp.

Vanquished Creatures
  Terence (D:2)
  Natasha (twice) (D:2)
  An adder (D:2)
  A worm (D:2)
  A dart slug (D:1)
  2 leopard geckos
  3 bats
  A giant cockroach (D:1)
  6 goblins
  4 hobgoblins
  A frilled lizard (D:1)
  4 kobolds (D:1)
  3 rats (D:1)
30 creatures vanquished.

Notes
Turn   | Place    | Note
-------+----------+-------------------------------------------
     0 | D:1      | Fang the Gargoyle Berserker began the quest for the Orb.
     0 | D:1      | Reached XP level 1. HP: 14/14 MP: 1/1
    94 | D:1      | Reached XP level 2. HP: 17/19 MP: 2/2
   852 | D:2      | Reached XP level 3. HP: 21/24 MP: 3/3
  1025 | D:2      | Found a shadowy altar of Dithmenos.
  1080 | D:2      | Found a shimmering altar of Xom.
  1080 | D:2      | Found a shimmering altar of Xom.
  1082 | D:2      | Found a shimmering altar of Xom.
  1084 | D:2      | Found a shimmering altar of Xom.
  1113 | D:2      | Noticed Natasha
  1121 | D:2      | Killed Natasha
  1121 | D:2      | Reached XP level 4. HP: 16/29 MP: 4/4
  1522 | D:2      | Noticed Natasha
  1524 | D:2      | Noticed Terence
  1531 | D:2      | Killed Natasha
  1534 | D:2      | Killed Terence
  1730 | D:2      | Noticed Natasha
  1741 | D:2      | HP: 1/29 [Natasha (8)]
  1743 | D:2      | Killed from afar by Natasha

Skill      XL: |  1  2  3  4 |
---------------+-------------+-----
Axes           | 3 4 |  4.1
Dodging        | 2 |  2.2
Fighting       | 4 |  4.0
Armour         | |  2.3
Stealth        | |  0.3

Action                   |  1- 3 |  4- 6 || total
-------------------------+-------+-------++-------
Melee: Hand axe          |    82 |    34 ||   116
Invok: Berserk           |     2 |     1 ||     3
  Eat: Chunk             |     1 |     2 ||     3
Armor: Animal skin       |    24 |    15 ||    39
Dodge: Dodged            |    56 |    30 ||    86
